 Dungeon Crawl Stone Soup version 0.25-a0-571-gb5e01bddfa (webtiles) character file.

Game seed: 8421275613637722596, levelgen mode: deterministic

4800 Flugslaktarn the Cleaver (level 10, -11/92 HPs)
             Began as a Deep Dwarf Fighter on Feb 29, 2020.
             Was a Follower of Makhleb.
             Mangled by an orc warrior
             ... wielding a +0 halberd
              (16 damage)
             ... on level 10 of the Dungeon.
             The game lasted 00:02:50 (3952 turns).

Flugslaktarn the Cleaver (Deep Dwarf Fighter)       Turns: 3952, Time: 00:02:50

Health: -11/92     AC: 10    Str: 23    XL:     10   Next: 24%
Magic:  3/3        EV:  8    Int:  9    God:    Makhleb [*.....]
Gold:   497        SH: 11    Dex: 12    Spells: 9/9 levels left

rFire    . . .     SeeInvis .   q - +0 broad axe (drain)
rCold    . . .     Gourm    .   c - +0 kite shield
rNeg     . . .     Faith    .   b - +0 scale mail
rPois    .         Spirit   .   s - +0 helmet
rElec    .         Reflect  .   k - +0 cloak
rCorr    .         Harm     .   (no gloves)
MR       +....                  (no boots)
Stlth    ..........             (no amulet)
HPRegen  0.00/turn              (no ring)
MPRegen  0.08/turn              (no ring)

@: non-regenerating, lightly drained
A: damage resistance, heal wounds, sense surroundings 2, no regeneration
a: Heal Wounds, Renounce Religion


You were on level 10 of the Dungeon.
You worshipped Makhleb.
Makhleb was aware of your devotion.
You were not hungry.

You visited 1 branch of the dungeon, and saw 9 of its levels.

You collected 497 gold pieces.

Inventory:

Hand Weapons
 q - a +0 broad axe of draining (weapon)
   (You took it off Harold on level 8 of the Dungeon)
Missiles
 u - 3 throwing nets (quivered)
Armour
 b - a +0 scale mail (worn)
 c - a +0 kite shield (worn)
 f - a scarf of resistance
   (You found it on level 1 of the Dungeon)
 k - a +0 cloak (worn)
   (You found it on level 2 of the Dungeon)
 s - a +0 helmet (worn)
   (You found it on level 5 of the Dungeon)
Jewellery
 j - an uncursed ring of see invisible {unknown}
   (You found it on level 1 of the Dungeon)
 p - an uncursed amulet of faith {unknown}
   (You found it on level 3 of the Dungeon)
Wands
 v - a wand of digging (9)
   (You found it on level 7 of the Dungeon)
Scrolls
 h - 2 scrolls of fog {unknown}
 m - 6 scrolls of identify {unknown}
 n - 3 scrolls of remove curse {unknown}
 o - a scroll of magic mapping {unknown}
 r - 4 scrolls of blinking {unknown}
 t - 2 scrolls of teleportation {unknown}
 y - a scroll of immolation {unknown}
 B - 3 scrolls of amnesia {unknown}
Potions
 d - 2 potions of might
 g - 2 potions of resistance {unknown}
 i - a potion of cancellation {unknown}
 l - 2 potions of haste {unknown}
 w - 3 potions of degeneration {unknown}
 x - a potion of brilliance {unknown}
 z - a potion of invisibility {unknown}
 A - a potion of mutation {unknown}
 C - 2 potions of lignification {unknown}
 D - a potion of stabbing {unknown}
Comestibles
 a - 9 chunks of flesh
 e - 13 rations


   Skills:
 + Level 6.3(5.8) Fighting
 * Level 10.0(9.4) Axes
 + Level 7.6(7.0) Armour
 + Level 7.8(7.1) Shields
 + Level 6.7(6.1) Invocations


You had 9 spell levels left.
You didn't know any spells.
Your spell library was empty.

Dungeon Overview and Level Annotations

Branches:
Dungeon (8/15)             Temple (0/1) D:7
   Lair: D:8-11

Altars:
Ashenzari
Elyvilon
Makhleb
Okawaru
Wu Jian
Xom

Annotations:
D:6 1 runed translucent door, bmj180's ghost, novice MiFi


Innate Abilities, Weirdness & Mutations

You are resistant to damage.
You can heal yourself by infusing magical energy.
You passively map the area around you.
You do not regenerate.


Message History

You block the orc warrior's attack. The orc closely misses you.
The orc warrior hits you from afar with a +0 halberd!
* * * LOW HITPOINT WARNING * * *
You hit the orc warrior but do no damage.
The orc warrior is heavily wounded.
The orc warrior hits you but does no damage.
The orc hits you but does no damage.
The orc warrior hits you from afar with a +0 halberd!
* * * LOW HITPOINT WARNING * * *
Your shield prevents you from hitting the orc warrior.
The orc warrior is heavily wounded.
The orc warrior hits you but does no damage.
The orc barely misses you.
The orc warrior hits you from afar with a +0 halberd!
* * * LOW HITPOINT WARNING * * *
Your shield and scale mail prevent you from hitting the orc warrior.
The orc warrior is heavily wounded.
The orc hits you but does no damage. You block the orc warrior's attack.
The orc warrior hits you from afar with a +0 halberd!
You die...

......oo....... ,
...o.o..# , , *
..#####o# * * #o# * ,
#o# , #**, #.# * #..
, #.# *,,
#....#####o#####., *
*........@oo.......,,
.....#############
*.._ *. , ,, , * * *


You could see 2 orc warriors and an orc.

Vanquished Creatures
  Harold (D:8)
  Pikel (D:7)
  Maurice (D:8)
  Joseph (D:7)
  A yak (D:7)
  A human (D:7)
  3 hogs (D:7)
  An ice beast (D:7)
  A sky beast (D:6)
  A black bear (D:7)
  4 ogres
  2 phantoms
  A centaur (D:8)
  Blork the orc (D:5)
  A bullfrog (D:8)
  A gnoll sergeant (D:6)
  A scorpion (D:7)
  5 killer bees (D:6)
  A water moccasin skeleton (D:6)
  5 wights (D:7)
  2 crimson imps
  4 hounds
  3 bullfrog skeletons
  5 orc wizards
  4 worker ants
  2 hound skeletons (D:5)
  10 gnolls
  A howler monkey skeleton (D:6)
  3 adders
  3 shadow imps
  An adder skeleton (D:5)
  2 worms (D:2)
  3 leopard geckos
  8 orcs
  A ball python (D:1)
  4 hobgoblins
  10 jackals
  4 kobolds
  4 quokkas
  7 bats
  4 frilled lizards
  2 goblins
  A leopard gecko skeleton (D:4)
  2 rats (D:1)
124 creatures vanquished.

Vanquished Creatures (others)
  An orc wizard (D:7)
  An orc priest (D:7)
  2 orcs (D:7)
4 creatures vanquished.

Grand Total: 128 creatures vanquished

Notes
Turn   | Place    | Note
-------+----------+-------------------------------------------
     0 | D:1      | Flugslaktarn the Deep Dwarf Fighter began the quest for the
                  | Orb.
     0 | D:1      | Reached XP level 1. HP: 20/20 MP: 1/1
   290 | D:1      | Reached XP level 2. HP: 20/27 MP: 2/2
   474 | D:3      | Reached skill level 3 in Axes
   480 | D:3      | Reached XP level 3. HP: 33/33 MP: 3/3
   619 | D:4      | Found a shattered altar of Ashenzari.
  1031 | D:4      | Noticed a phantom
  1054 | D:4      | Killed a phantom
  1054 | D:4      | Reached XP level 4. HP: 39/42 MP: 4/4
  1132 | D:4      | Reached skill level 4 in Axes
  1132 | D:4      | Reached XP level 5. HP: 45/49 MP: 5/5
  1380 | D:4      | Found an ornate altar of the Wu Jian Council.
  1407 | D:5      | Entered Level 5 of the Dungeon
  1478 | D:5      | Reached XP level 6. HP: 39/56 MP: 6/6
  1597 | D:5      | Reached skill level 5 in Axes
  1727 | D:5      | Noticed Blork the orc
  1743 | D:5      | Killed Blork the orc
  1976 | D:5      | Reached XP level 7. HP: 55/64 MP: 7/7
  1992 | D:5      | Found a burning altar of Makhleb.
  2006 | D:5      | Reached skill level 5 in Armour
  2010 | D:5      | Became a worshipper of Makhleb the Destroyer
  2263 | D:6      | Reached skill level 5 in Shields
  2329 | D:6      | Reached skill level 1 in Invocations
  2358 | D:6      | Reached skill level 6 in Axes
  2439 | D:6      | Found a runed translucent door.
  2439 | D:6      | Found a shimmering altar of Xom.
  2439 | D:6      | Noticed bmj180's ghost (novice MiFi)
  2439 | D:6      | Noticed a +2 falchion of chaos
  2453 | D:6      | Reached XP level 8. HP: 32/73 MP: 7/7
  2587 | D:6      | Reached * piety under Makhleb
  2588 | D:6      | Reached skill level 7 in Axes
  2732 | D:6      | Found an iron altar of Okawaru.
  2920 | D:7      | Noticed Pikel
  2949 | D:7      | Killed Pikel
  2949 | D:7      | Reached skill level 5 in Fighting
  3030 | D:7      | Found a staircase to the Ecumenical Temple.
  3036 | D:7      | Reached skill level 8 in Axes
  3050 | D:7      | Noticed Joseph
  3060 | D:7      | Gained mutation: You passively map the area around you.
                  | [Deep Dwarf growth]
  3060 | D:7      | Reached XP level 9. HP: 48/81 MP: 9/9
  3116 | D:7      | Killed Joseph
  3116 | D:7      | Reached skill level 5 in Invocations
  3148 | D:7      | Reached skill level 9 in Axes
  3821 | D:8      | Noticed Maurice
  3826 | D:8      | Paralysed by Maurice for 3 turns
  3828 | D:8      | Noticed Harold
  3857 | D:8      | Killed Harold
  3857 | D:8      | Reached XP level 10. HP: 63/91 MP: 4/4
  3860 | D:8      | Killed Maurice
  3860 | D:8      | Reached skill level 10 in Axes
  3897 | D:8      | You fall into a shaft and drop 2 floors!
  3897 | D:10     | Entered Level 10 of the Dungeon
  3897 | D:10     | Found a white marble altar of Elyvilon.
  3904 | D:10     | Found a shimmering altar of Xom.
  3952 | D:10     | Mangled by an orc warrior

Levels and vault maps discovered:
D:1:      dpeg_arrival_shrine, layout_basic
D:2:      layout_rooms, regret_index_temple_of_mockery,
          grunt_temple_overflow_magic_moments, nicolae_overflow_hidden_temple,
          uniq_jessica
D:3:      layout_basic, first_ration
D:4:      layout_basic, old_standard_altar, lemuel_doored_altar
D:5:      layout_basic, makhleb_heckhound_becter, uniq_blork_the_orc
D:6:      layout_cave_pools, marbit_many_paths, ebering_ghost_xom
D:7:      layout_basic, minmay_temple_entry_drinking_statues, grunt_livestock,
          uniq_joseph, uniq_pikel
D:8:      layout_cave_pools, gammafunk_ghost_spectres, uniq_maurice, uniq_harold
D:10:     layout_small_grid, dpeg_oklobed_lair, basic_altar,
          ebering_ghost_funeral_grove, xom_teletrap_fun, uniq_maggie,
          uniq_fannar

Skill      XL: |  1  2  3  4  5  6  7  8  9 10 |
---------------+-------------------------------+-----
Axes           | 3 4 5 6 8 9 10 | 10.0
Fighting       | 3 4 5 6 |  6.3
Armour         | 4 5 6 7 |  7.6
Shields        | 4 5 6 7 |  7.8
Invocations    | 2 4 6 |  6.7

Action                   |  1- 3 |  4- 6 |  7- 9 | 10-12 || total
-------------------------+-------+-------+-------+-------++-------
Melee: War axe           |    73 |   129 |   299 |     3 ||   504
       Broad axe         |       |       |       |    39 ||    39
 Abil: Heal Wounds       |     1 |     2 |    30 |     4 ||    37
  Use: Potion            |       |       |     1 |       ||     1
  Eat: Chunk             |     1 |     3 |     4 |       ||     8
       Ration            |       |       |     1 |       ||     1
Armor: Scale mail        |    42 |    97 |   170 |    28 ||   337
Dodge: Dodged            |    22 |    52 |   126 |    18 ||   218
Block: Kite shield       |    45 |    84 |   240 |    44 ||   413

Table legend:
 A = Non-vault XP
 B = Vault XP
 C = Vault XP percentage of total XP
 D = Non-vault monster count
 E = Vault monster count
 F = Vault count percentage of total count
                 A         B        C        D         E       F
            +---------+---------+-------+---------+---------+-------
      Total |    3189 |    3669 |  53.5 |     112 |      12 |   9.7
            +---------+---------+-------+---------+---------+-------
        D:1 |      16 |       0 |   0.0 |      11 |       0 |   0.0
        D:2 |      23 |       0 |   0.0 |      10 |       0 |   0.0
        D:3 |       7 |       0 |   0.0 |       4 |       0 |   0.0
        D:4 |     243 |       0 |   0.0 |       7 |       0 |   0.0
        D:5 |     385 |     139 |  26.5 |      27 |       2 |   6.9
        D:6 |    1181 |      13 |   1.1 |      30 |       1 |   3.2
        D:7 |    1073 |    2009 |  65.2 |      16 |       7 |  30.4
        D:8 |     207 |    1508 |  87.9 |       4 |       2 |  33.3
       D:10 |      54 |       0 |   0.0 |       3 |       0 |   0.0
            +---------+---------+-------+---------+---------+-------
